cohdb
Replays
Latest Replays
All Replays
Popular Replays
Top Player Replays
Match Explorer
How It Works
Community
CoH3 Stats
Reddit
Sign in to upload your games and track your stats! →
Sign in with Steam
2v2 Match 07
Match 31311390
Overview
Messages
Build Orders
End
Panzerpioneer Squad
Panzergrenadier Squad
250 Light Carrier
Construct Light Support Kompanie
Assault Grenadier Squad
Selects Italian Infantry
Selects Defensive Operations
Combat Half-tracks
Fire Support Elements
Pak 38 Anti-tank Gun Team
Selects Territory Booby Traps
Pak 38 Mechanized Group
Pak 38 Anti-tank Gun Team
Flakvierling Half-track
Vehicle Survival Package
MG34 Team
Selects Guastatori Squad
Construct Panzerarmee Kommand
Tungsten Core Ammunition
Panzer III L Medium Tank
Selects Obice 305mm Barrage
Assault Grenadier Squad
Rapid Advance
Panzer III L Medium Tank
Assault Grenadier Squad
Armored Reserves
Selects Guastatori Squad
Selects Registered Artillery
Obice 305mm Barrage
Registered Artillery
Guastatori Squad
Fang
littleconlife512
Kag_Warduff
Cadenza
0
0
Comments
sign in to comment!
No comments posted yet!